 Dungeon Crawl Stone Soup version 0.30-a0-711-gf4ac18a38d (webtiles) character file.

Game seed: 2654439270578756127

289 bande the Chopper (level 6, -1/37 HPs)
             Began as a Gargoyle Reaver on Jan 22, 2023.
             Slain by Crazy Yiuf
             ... wielding a +3 quarterstaff of chaos
              (3 damage)
             ... on level 3 of the Dungeon.
             The game lasted 00:05:18 (2399 turns).

bande the Chopper (Gargoyle Reaver)                 Turns: 2399, Time: 00:05:18

Health: -1/37      AC: 13    Str: 15    XL:     6   Next: 31%
Magic:  9/9        EV: 11    Int: 14    God:
Gold:   158        SH:  0    Dex: 10    Spells: 8/9 levels left

rFire   . . .      SeeInvis .    a - +0 hand axe
rCold   . . .      Faith    .    (no shield)
rNeg    + . .      Spirit   .    j - +0 chain mail
rPois   ∞          Reflect  .    (no helmet)
rElec   +          Harm     .    (no cloak)
rCorr   .          Rampage  .    (no gloves)
Will    .....                    (no boots) Stlth
                                 c - amulet of regeneration
HPRegen 1.06/turn                (no ring)
MPRegen 0.11/turn                (no ring)

@: confused, agile
A: sickness immunity, AC +4, negative energy resistance 1, electricity
resistance, torment resistance 1, petrification resistance
a: no special abilities


You were on level 3 of the Dungeon.
You visited 1 branch of the dungeon, and saw 3 of its levels.

You collected 158 gold pieces.

Inventory:

Hand Weapons
 a - a +0 hand axe (weapon)
Armour
 j - a +0 chain mail (worn)
Jewellery
 c - an amulet of regeneration (around neck)
 k - an amulet of reflection
Scrolls
 d - a scroll of enchant weapon {unknown}
 f - 2 scrolls of blinking {unknown}
 h - 4 scrolls of amnesia {unknown}
 i - a scroll of acquirement {unknown}
 l - a scroll of torment {unknown}
 m - a scroll of identify {unknown}
 p - a scroll of vulnerability {unknown}
Potions
 b - a potion of might {unknown}
 e - a potion of lignification
 g - a potion of attraction {unknown}
 n - 2 potions of curing {unknown}
 o - 2 potions of haste {unknown}
 q - a potion of degeneration {unknown}


   Skills:
 + Level 3.4 Fighting
 + Level 5.0 Axes
 + Level 2.7 Armour
 - Level 1.5 Dodging
 + Level 2.0 Spellcasting
 + Level 3.5 Conjurations


You had 8 spell levels left.
You knew the following spells:

 Your Spells              Type           Power      Damage    Failure   Level
a - Kiss of Death         Conj/Necr      24%        2d7       94%         1

Your spell library contained the following spells:

 Spells                   Type           Power      Damage    Failure   Level
 Magic Dart               Conj           44%        1d5       75%         1
 Searing Ray              Conj           22%        2d5       87%         2
 Momentum Strike          Conj/Tloc      12%        3d8       98%         2
 Slow                     Hex            4%         N/A       99%         1
 Blink                    Tloc           2%         N/A       100%        2
 Call Imp                 Summ           1%         N/A       100%        2
 Ensorcelled Hibernation  Hex/Ice        2%         N/A       100%        2
 Passwall                 Tmut/Erth      0%         N/A       100%        2
 Confusing Touch          Hex            1%         N/A       100%        3
 Gell's Gravitas          Tloc           1%         N/A       100%        3
 Hailstorm                Conj/Ice       6%         3d4       100%        3
 Ignite Poison            Fire/Tmut/Pois 1%         N/A       100%        3
 Kindle Blastsparks       Fire/Tloc/Air  2%         2d10      100%        3
 Mephitic Cloud           Conj/Pois/Air  4%         N/A       100%        3
 Swiftness                Air            1%         N/A       100%        3
 Teleport Other           Tloc           1%         N/A       100%        3
 Vampiric Draining        Necr           1%         2d6       100%        3
 Fulminant Prism          Conj/Hex       3%         3d5       100%        4
 Manifold Assault         Tloc           1%         N/A       100%        4
 Freezing Cloud           Conj/Ice/Air   2%         6-21      100%        5
 Dispersal                Tloc           0%         N/A       100%        6
 Storm Form               Tmut/Air       0%         N/A       100%        7


Dungeon Overview and Level Annotations

Branches:
Dungeon (3/15)

Altars:

Annotations:
D:3 Crazy Yiuf


Innate Abilities, Weirdness & Mutations

You are immune to sickness and miasma.
Your stone body is resilient. (AC +4)
You are immune to poison.
You resist negative energy. (rN+)
You are resistant to electric shocks. (rElec)
You are resistant to unholy torment.
You are immune to petrification.


Message History

No reachable target in view!
No reachable target in view!
As you open the door, it creaks loudly!
You hit Crazy Yiuf but do no damage.
Crazy Yiuf hits you with a +3 quarterstaff of chaos.
You barely miss Crazy Yiuf.
Crazy Yiuf hits you with a +3 quarterstaff of chaos.
Crazy Yiuf burns you.
You barely miss Crazy Yiuf.
Crazy Yiuf hits you with a +3 quarterstaff of chaos.
Crazy Yiuf freezes you.
Crazy Yiuf hits you with a +3 quarterstaff of chaos.
You hit Crazy Yiuf but do no damage.
Crazy Yiuf hits you with a +3 quarterstaff of chaos.
Crazy Yiuf freezes you.
You closely miss Crazy Yiuf. Crazy Yiuf barely misses you.
You hit Crazy Yiuf.
Crazy Yiuf is lightly wounded.
Crazy Yiuf hits you but does no damage.
You closely miss Crazy Yiuf.
Crazy Yiuf is lightly wounded.
Crazy Yiuf barely misses you.
You hit Crazy Yiuf.
Crazy Yiuf is moderately wounded.
Crazy Yiuf hits you with a +3 quarterstaff of chaos!
You are confused.
You bump into the rock wall.
Crazy Yiuf hits you with a +3 quarterstaff of chaos.
Crazy Yiuf freezes you.
* * * LOW HITPOINT WARNING * * *
You bump into the rock wall.
Crazy Yiuf whimpers, "Ten!"
Crazy Yiuf hits you with a +3 quarterstaff of chaos.
* * * LOW HITPOINT WARNING * * *
You feel agile all of a sudden.
You bump into the rock wall.
Crazy Yiuf hits you with a +3 quarterstaff of chaos!
* * * LOW HITPOINT WARNING * * *
Crazy Yiuf freezes you.
You die...

#....#####
#....# ##..##
### ##.####
#....#
#.###.##
#...##
##...## ##.##
##.## #.##
#.# ##.# #.#
#.## #.# ##@#
###.########
#g#
#...........
...
#...########
#...# #####
#..)# #####
#############
#............


You could see Crazy Yiuf.

Vanquished Creatures
  Sigmund (D:3)
  Jessica (D:3)
  5 adders
  A worm (D:2)
  A dart slug (D:1)
  9 ball pythons
  6 endoplasms
  6 giant cockroaches
  5 hobgoblins
  5 jackals (D:2)
  A quokka (D:1)
  6 bats
  5 frilled lizards
  6 goblins
  4 kobolds
  3 rats
65 creatures vanquished.

Notes
Turn   | Place    | Note
-------+----------+-------------------------------------------
     0 | D:1      | bande the Gargoyle Reaver began the quest for the Orb.
     0 | D:1      | Reached XP level 1. HP: 12/12 MP: 3/3
    62 | D:1      | Reached XP level 2. HP: 16/17 MP: 5/5
   108 | D:1      | Reached skill level 3 in Axes
   274 | D:1      | Found a faded altar of an unknown god.
   358 | D:1      | Reached XP level 3. HP: 22/22 MP: 6/6
   724 | D:2      | Reached skill level 1 in Armour
   989 | D:2      | Reached XP level 4. HP: 27/27 MP: 7/7
  1587 | D:3      | Reached skill level 4 in Axes
  1702 | D:3      | Noticed Sigmund
  1757 | D:3      | Killed Sigmund
  1758 | D:3      | Reached XP level 5. HP: 31/32 MP: 8/8
  1758 | D:3      | Reached XP level 6. HP: 36/37 MP: 9/9
  2334 | D:3      | Noticed Jessica
  2336 | D:3      | Killed Jessica
  2337 | D:3      | Reached skill level 5 in Axes
  2350 | D:3      | Found a runed translucent door.
  2351 | D:3      | Noticed Crazy Yiuf
  2399 | D:3      | Slain by Crazy Yiuf

Illustrated notes

Levels and vault maps discovered:
D:1:      wander_arrival_lonely_grave, layout_basic,
          hellmonk_ecumenical_altar_crossroads, st_stairs_4
D:2:      layout_loops_cross, kennysheep_generic_room_10
D:3:      layout_loops_ring, uniq_sigmund, uniq_crazy_yiuf_cottage, uniq_jessica

Skill      XL: |  1  2  3  4  5  6 |
---------------+-------------------+-----
Axes           | 3 4 5 |  5.0
Armour         | 1 2 |  2.7
Fighting       | 3 |  3.4
Dodging        | |  1.5
Spellcasting   | |  2.0
Conjurations   | |  3.5

Action                     |  1- 3 |  4- 6 || total
---------------------------+-------+-------++-------
  Melee: Hand axe          |   129 |   119 ||   248
         Punch             |     1 |       ||     1
    Use: Potion            |       |     1 ||     1
 Armour: Leather armour    |    61 |       ||    61
         Chain mail        |     9 |    88 ||    97
         Skin              |       |    15 ||    15
  Dodge: Dodged            |    80 |    34 ||   114

Table legend: (Time is in decaauts)
 A = Elapsed time spent in this place.
 B = Non-inter-level travel time spent in this place.
 C = Inter-level travel time spent in this place.
 D = Time resting spent in this place.
 E = Time spent auto-exploring this place.
 F = Levels seen in this place.
 G = Mean time per level.
                   A        B        C        D        E       F      G
               +--------+--------+--------+--------+--------+-----+--------+
         Total |   2428 |   2353 |     75 |    300 |   1464 |   3 |  809.3 |
       Dungeon |   2428 |   2353 |     75 |    300 |   1464 |   3 |  809.3 |
               +--------+--------+--------+--------+--------+-----+--------+

Top non-repeatable levels by time:
     D:3: 997 daAuts
     D:1: 718 daAuts
     D:2: 712 daAuts
